 Dungeon Crawl Stone Soup version 0.30-a0-800-g7c544603b3 (webtiles) character file.

Game seed: 7842761864979921967

1534 Newt the Spear-Bearer (level 8, -4/62 HPs)
             Began as a Demonspawn Gladiator on Feb 21, 2023.
             Was a Believer of Okawaru.
             Slain by a two-headed ogre
             ... wielding a +0 giant club
              (18 damage)
             ... on level 5 of the Dungeon.
             The game lasted 00:06:06 (5241 turns).

Newt the Spear-Bearer (Demonspawn Gladiator)        Turns: 5241, Time: 00:06:07

Health: -4/62      AC: 17    Str: 16    XL:     8   Next: 55%
Magic:  8/8        EV:  0    Int:  9    God:    Okawaru [**....]
Gold:   246        SH:  6    Dex: 16    Spells: 7/7 levels left

rFire   . . .      SeeInvis .    d - +1 spear (venom)
rCold   . . .      Faith    .    (no shield)
rNeg    . . .      Spirit   .    r - +0 crystal plate armour
rPois   .          Reflect  .    (helmet restricted)
rElec   .          Harm     .    (no cloak)
rCorr   .          Rampage  .    n - +2 pair of gloves
Will    .....                    (no boots) Stlth
                                 t - amulet of magic regeneration
HPRegen 0.30/turn                (no ring)
MPRegen 0.62/turn                (no ring)

@: mighty
A: horns 1, large bone plates 2, powered by pain 1, magic regeneration
a: Renounce Religion, Heroism


You were on level 5 of the Dungeon.
You worshipped Okawaru.
Okawaru was pleased with you.
You visited 2 branches of the dungeon, and saw 6 of its levels.

You collected 246 gold pieces.

Inventory:

Hand Weapons
 a - a +0 rapier
 d - a +1 spear of venom (weapon)
Missiles
 e - a javelin
 f - 22 poisoned darts (quivered)
Armour
 b - a +0 leather armour
 c - a +0 helmet
 n - a +2 pair of gloves (worn)
 r - a +0 crystal plate armour (worn)
Jewellery
 o - a ring of fire
 t - an amulet of magic regeneration (around neck)
Scrolls
 l - a scroll of teleportation
 p - a scroll of identify
 q - a scroll of enchant armour
 s - a scroll of noise {unknown}
Potions
 g - a potion of degeneration
 h - a potion of lignification
 i - 2 potions of curing
 j - 2 potions of heal wounds {unknown}
 k - a potion of haste {unknown}
 m - 2 potions of brilliance {unknown}


   Skills:
 - Level 5.0 Fighting
 - Level 4.0 Short Blades
 - Level 8.0 Polearms
 - Level 1.7 Throwing
 + Level 3.1 Dodging
 - Level 1.5 Stealth


You had 7 spell levels left.
You didn't know any spells.
Your spell library was empty.

Dungeon Overview and Level Annotations

Branches:
Dungeon (5/15)             Temple (1/1) D:4

Altars:
Ashenzari
Dithmenos
Fedhas
Gozag
Kikubaaqudgha
Makhleb
Nemelex Xobeh
Okawaru
Ru
Sif Muna
Trog
Vehumet
Xom
Yredelemnul

Shops:
D:2 :


Innate Abilities, Weirdness & Mutations

You have a pair of small horns on your head.
You are mostly covered in large bone plates. (SH +6)
You sometimes gain a little power by taking damage.
You regenerate magic rapidly.


Message History

The two-headed ogre shouts in stereo!
You hit the orc.
The orc is heavily wounded.
You barely miss the orc. You headbutt the orc.
You kill the orc!
Okawaru accepts your kill.
You closely miss the orc. The orc hits you but does no damage.
You hit the orc.
The orc is poisoned.
The orc is severely wounded.
You closely miss the orc. You headbutt the orc, but do no damage.
The orc is severely wounded.
The orc hits you but does no damage. x2
You hit the orc.
You kill the orc!
Okawaru accepts your kill. The orc hits you but does no damage.
You hit the iguana.
The iguana is lightly wounded.
The orc hits you but does no damage. You block the iguana's attack.
You hit the iguana but do no damage.
The iguana is poisoned.
The iguana is lightly wounded.
You barely miss the iguana.
The iguana is lightly wounded.
The iguana bites you but does no damage.
You hit the iguana but do no damage.
The iguana looks as sick as possible!
The iguana is lightly wounded.
The iguana bites you.
You hit the two-headed ogre. You headbutt the two-headed ogre.
The two-headed ogre is lightly wounded.
You hit the two-headed ogre.
The two-headed ogre is poisoned.
The two-headed ogre is moderately wounded.
The iguana bites you but does no damage.
The two-headed ogre hits you with a +0 giant club!!
You focus on the pain.
You feel very mighty all of a sudden.
The two-headed ogre hits you with a +0 giant club!!
* * * LOW HITPOINT WARNING * * *
The iguana bites you but does no damage.
The two-headed ogre hits you with a +0 giant club!!
You die...

##.# # ... ###.
###.. ... #..$
#.##..# ###.
#.###.....# .....
#........###..$...
........†@lo......
..?......#Oo......
#........#oo......
#........##.......
#...[....# .......
####..#### #......
#.# ...... ..
......


You could see a two-headed ogre (very poisoned), an iguana (extremely poisoned)
and 4 orcs.

Vanquished Creatures
  Pikel (D:4)
  Sigmund (D:4)
  Edmund (D:4)
  A lemure (D:4)
  A necrophage (D:4)
  7 scorpions
  A hound (D:5)
  2 jellies
  A gnoll bouda (D:3)
  An iguana (D:4)
  10 adders
  4 gnolls
  A worm (D:3)
  3 dart slugs
  9 orcs
  7 endoplasms
  4 giant cockroaches
  13 hobgoblins
  3 quokkas
  7 ball pythons
  12 bats
  4 frilled lizards
  8 goblins
  8 kobolds
  10 rats
120 creatures vanquished.

Vanquished Creatures (others)
  An orc (D:5)
  9 fungi (D:4)
10 creatures vanquished.

Grand Total: 130 creatures vanquished

Notes
Turn   | Place    | Note
-------+----------+-------------------------------------------
     0 | D:1      | Newt the Demonspawn Gladiator began the quest for the Orb.
     0 | D:1      | Reached XP level 1. HP: 16/16 MP: 1/1
   206 | D:1      | Reached skill level 1 in Stealth
   544 | D:1      | Gained mutation: You have a pair of small horns on your
                  | head. [demonic ancestry]
   544 | D:1      | Reached XP level 2. HP: 22/22 MP: 2/2
  1043 | D:2      | Found a broken altar of Ashenzari.
  1047 | D:2      | Gained mutation: You regenerate magic rapidly. [demonic
                  | ancestry]
  1047 | D:2      | Reached XP level 3. HP: 29/29 MP: 3/3
  1363 | D:2      | Found Pal Qoda's Book Boutique.
  1723 | D:3      | Reached XP level 4. HP: 35/37 MP: 4/4
  2001 | D:3      | Found a shimmering altar of Xom.
  2308 | D:3      | Found a faded altar of an unknown god.
  2568 | D:4      | Found a bloodstained altar of Trog.
  2927 | D:3      | Reached skill level 5 in Fighting
  2927 | D:3      | Gained mutation: You are partially covered in large bone
                  | plates. (SH +4) [demonic ancestry]
  2927 | D:3      | Reached XP level 5. HP: 29/44 MP: 5/5
  3452 | D:4      | Found a staircase to the Ecumenical Temple.
  3464 | Temple   | Entered the Ecumenical Temple
  3622 | Temple   | Became a worshipper of Warmaster Okawaru
  3706 | D:4      | Gained mutation: You sometimes gain a little power by
                  | taking damage. [demonic ancestry]
  3706 | D:4      | Reached XP level 6. HP: 30/51 MP: 6/6
  4006 | D:4      | Reached skill level 1 in Polearms
  4059 | D:4      | Noticed Edmund
  4073 | D:4      | Killed Edmund
  4074 | D:4      | Reached skill level 2 in Polearms
  4154 | D:4      | Reached * piety under Okawaru
  4155 | D:4      | Reached skill level 3 in Polearms
  4159 | D:4      | Reached XP level 7. HP: 52/56 MP: 7/7
  4218 | D:4      | Reached skill level 4 in Polearms
  4280 | D:4      | Reached skill level 5 in Polearms
  4420 | D:4      | Noticed Pikel
  4436 | D:4      | Noticed Sigmund
  4443 | D:4      | Killed Pikel
  4443 | D:4      | Reached ** piety under Okawaru
  4444 | D:4      | Reached skill level 6 in Polearms
  4444 | D:4      | Reached skill level 7 in Polearms
  4444 | D:4      | Gained mutation: You are mostly covered in large bone
                  | plates. (SH +6) [demonic ancestry]
  4444 | D:4      | Reached XP level 8. HP: 47/62 MP: 8/8
  4460 | D:4      | Killed Sigmund
  5180 | D:5      | Entered Level 5 of the Dungeon
  5190 | D:5      | Reached skill level 8 in Polearms
  5228 | D:5      | Noticed a two-headed ogre
  5241 | D:5      | Slain by a two-headed ogre

Illustrated notes

Levels and vault maps discovered:
D:1:      roderic_chinese_lattice_arrival, layout_basic
D:2:      layout_loops_cross, basic_altar, serial_shops, shop, moated_statue
D:3:      wad_crossroads, layout_basic, tgw_xom,
          hellmonk_ecumenical_altar_inner_sanctum
D:4:      old_forge, layout_rooms, trog_butcher_becter, temple_hall, uniq_pikel,
          uniq_sigmund, uniq_edmund
D:5:      layout_rooms, old_standard_altar, nzn_wu_jian_contemplation,
          lemuel_flame_loot_1
Temple:   nicolae_temple_great_sept

Skill      XL: |  1  2  3  4  5  6  7  8 |
---------------+-------------------------+-----
Stealth        | 1 |  1.5
Fighting       | 3 5 |  5.0
Short Blades   | 4 |  4.0
Polearms       | 3 7 8 |  8.0
Dodging        | 3 |  3.1
Throwing       | |  1.7

Action                     |  1- 3 |  4- 6 |  7- 9 || total
---------------------------+-------+-------+-------++-------
  Melee: Rapier            |   118 |   122 |       ||   240
         Headbutt          |    18 |    29 |    24 ||    71
         Spear             |       |    40 |   132 ||   172
         Punch             |       |     2 |       ||     2
  Throw: Javelin           |     1 |     1 |       ||     2
         Throwing net      |       |     3 |       ||     3
         Dart              |       |     6 |       ||     6
    Use: Scroll            |     4 |     1 |       ||     5
         Potion            |     1 |       |       ||     1
   Stab: Sleeping          |     4 |     2 |       ||     6
         Held in net/web   |       |     1 |       ||     1
 Armour: Leather armour    |    23 |    49 |       ||    72
         Crystal plate arm |       |    14 |    77 ||    91
  Dodge: Dodged            |    63 |   101 |       ||   164
  Block: Other             |       |    11 |    17 ||    28

Table legend: (Time is in decaauts)
 A = Elapsed time spent in this place.
 B = Non-inter-level travel time spent in this place.
 C = Inter-level travel time spent in this place.
 D = Time resting spent in this place.
 E = Time spent auto-exploring this place.
 F = Levels seen in this place.
 G = Mean time per level.
                   A        B        C        D        E       F      G
               +--------+--------+--------+--------+--------+-----+--------+
         Total |   5235 |   5103 |    132 |   1617 |   2676 |   6 |  872.5 |
       Dungeon |   5068 |   4963 |    105 |   1617 |   2549 |   5 | 1013.6 |
        Temple |    166 |    139 |     27 |      0 |    127 |   1 |  166.0 |
               +--------+--------+--------+--------+--------+-----+--------+

Top non-repeatable levels by time:
     D:4: 1937 daAuts
     D:3: 1565 daAuts
     D:1: 964 daAuts
     D:2: 550 daAuts
  Temple: 166 daAuts
     D:5: 51 daAuts
